Cogmind - Beta 15 @@@ ROGUE MODE // 2025.05.30 @ 23:40:52 Player: amhumam Result: Destroyed by W7-R5B(R) with Subdweller Beam Cannon Performance ------------- Evolutions (0) 0 Regions Visited (2) 400 Robots Destroyed (13) 65 Value Destroyed (448) 448 Prototype IDs (0) 0 Alien Tech Used (0) 0 Bonus (0) 0 TOTAL SCORE: 913 Bonus ------- None Cogmind --------- Core Integrity 0/250 Matter 285/300 Energy 196/200 System Corruption 0% Temperature Cool (9) Movement Rolling (110) Location -10/Subcaves Parts ------- > --- POWER (1) -------- Subdweller Power Source > --- PROPULSION (2) --- Subdweller Monowheel Subdweller Monowheel > --- UTILITY (2) ------ Small Storage Unit Sensor Array > --- WEAPON (2) ------- Riot Gun Subdweller Laser > --- INVENTORY (8) ---- Large Matter Pod (150) Scrap Shield Hacking Suite Power Bank Subdweller Laser Barrage Gun Peak State ------------ > --- POWER ------------ Subdweller Power Source > --- PROPULSION ------- Subdweller Monowheel Subdweller Monowheel > --- UTILITY ---------- Small Storage Unit Subdweller Optics > --- WEAPON ----------- Subdweller Laser Heavy Assault Rifle > --- INVENTORY -------- Large Matter Pod Sensor Array Scrap Shield Hacking Suite Power Bank Subdweller Laser Mining Laser [Rating: 15] Favorites ----------- Power Ion Engine Engine Ion Engine Propulsion Light Treads Treads Light Treads Wheel Subdweller Monowheel Utility Small Storage Unit Device Sensor Array Storage Small Storage Unit Protection Scrap Shield Weapon Assault Rifle Energy Gun EM Pulse Gun Ballistic Gun Assault Rifle Special Weapon Mining Laser Build | -11 -10 -10 ------- Run | Yrd Mat Sub Slots Evolved . | . . . Power . | . . . Propulsion . | . . . Utility . | . . . Weapon . | . . . Parts Attached 21 | 6 1 14 Power 4 | 1 . 3 Engine 4 | 1 . 3 Core . | . . . Reactor . | . . . Propulsion 5 | 2 . 3 Treads 3 | 2 . 1 Leg . | . . . Wheel 2 | . . 2 Hover . | . . . Flight . | . . . Utility 5 | 1 1 3 Device 3 | . 1 2 Storage 1 | 1 . . Processor . | . . . Hackware . | . . . Protection 1 | . . 1 Artifact . | . . . Weapon 7 | 2 . 5 Energy Gun 4 | 1 . 3 Energy Cannon . | . . . Ballistic Gun 2 | 1 . 1 Ballistic Cannon . | . . . Launcher . | . . . Special Weapon 1 | . . 1 Impact Weapon . | . . . Slashing Weapon . | . . . Piercing Weapon . | . . . Special Melee Weapon . | . . . Unidentified Prototypes . | . . . Parts Lost 9 | . . 9 Power 3 | . . 3 Propulsion 2 | . . 2 Utility . | . . . Weapon 4 | . . 4 Highest Loss Streak 2 | . . 2 To Critical Strikes . | . . . Average Backups 6 | 1 5 6 Power . | . 1 . Propulsion . | . . . Utility 3 | . 1 3 Weapon 1 | . 1 1 Tool/Special . | . . . Unused Backups 9 | . . 9 Power . | . . . Propulsion . | . . . Utility 5 | . . 5 Weapon 2 | . . 2 Tool/Special 2 | . . 2 Average Slot Usage (%) 89 | . 88 89 Engine 13 | . 14 13 Treads 17 | . 28 14 Wheel 9 | . . 12 Device 7 | . 3 8 Storage 10 | . 14 10 Protection 3 | . . 3 Energy Gun 11 | . 14 10 Ballistic Gun 13 | . 14 13 Peak Build Rating 15 | 6 8 15 Average Rating 9 | 4 6 9 On Entrance 4 | . 6 8 Naked Turns . | . . . Heaviest Build 28 | 14 15 28 Greatest Support 40 | 40 40 40 Greatest Overweight (x) 2 | 2 . 1 Average Overweight (x) . | . . . Largest Inventory Capacity 8 | 8 8 8 Average Capacity 7 | 7 8 7 Most Carried 8 | 2 8 8 Average Carried 6 | . 5 6 Final Capacity 8 | 8 8 8 Final Carried 8 | 2 8 7 Class Distribution -------------------- 79% | Mutant 19% | Scavenger-Mutant Dominant Class ---------------- Mutant | -10/Materials Mutant | -10/Subcaves Resources | -11 -10 -10 ----------- Run | Yrd Mat Sub Matter Collected 685 | 227 95 363 Remotely . | . . . Salvage Created 567 | . 200 367 Parts 42 | . 18 24 Haulers Intercepted . | . . . Recyclers Shooed . | . . . Parts Field Recycled . | . . . Retrieved Matter . | . . . Parts Self-Destructed 18 | . . 18 Prevented 1 | . . 1 Kills | -11 -10 -10 ------- Run | Yrd Mat Sub Combat Hostiles Destroyed 12 | . 4 8 Guns 12 | . 4 8 Classes Destroyed 5 | . 2 3 Operator 1 | . 1 . Swarmer 1 | . . 1 Grunt 6 | . 4 2 Sentry 1 | . . 1 Subdweller 4 | . . 4 Best Kill Streak 3 | . 3 2 Combat Bots Only 3 | . 3 2 Max Kills in Single Turn 1 | . 1 1 Gunslinging . | . . . Exploded . | . . . Melee . | . . . Uniques/NPCs Destroyed . | . . . Combat | -11 -10 -10 -------- Run | Yrd Mat Sub Hostile Shots Fired 112 | . 44 68 Missed 31 | . 12 19 Hits 81 | . 32 49 Projectile 81 | . 32 49 AOE 1 | . . 1 Critical Strikes 2 | . . 2 Damage Taken 1363 | . 354 1009 Core 261 | . 57 204 Absorbed by Shields . | . . . Core Remaining (%) 100 | 100 . . Volleys Fired 65 | . 17 48 Largest 2 | . 2 2 Hottest 110 | . 60 110 Shots Fired 104 | . 34 70 Gun 102 | . 34 68 Cannon . | . . . Launcher . | . . . Special 2 | . . 2 Kinetic 55 | . 17 38 Thermal 27 | . . 27 Explosive . | . . . Electromagnetic 22 | . 17 5 Robot Hit Streak 13 | . 5 13 Robot Miss Streak 4 | . 4 3 Penetration Max . | . . . Secondary Targets 2 | . 2 . Max Gunslinging Chain 1 | . 1 . Shots Hit Robots 73 | . 19 54 Core Hits 27 | . 9 18 Critical Kills . | . . . Critical Parts Destroyed . | . . . Critical Strikes 2 | . 1 1 Burn 1 | . . 1 Corrupt 1 | . 1 . Melee Attacks . | . . . Impact . | . . . Slashing . | . . . Piercing . | . . . Sneak Attacks . | . . . Combat Hostiles . | . . . Follow-up Attacks . | . . . Damage Inflicted 1014 | . 250 764 Guns 1014 | . 250 764 Cannons . | . . . Explosions . | . . . Melee . | . . . Ramming . | . . . Kinetic 552 | . 100 452 Thermal 264 | . . 264 Explosive . | . . . Electromagnetic 198 | . 150 48 Impact . | . . . Slashing . | . . . Piercing . | . . . Highest Corruption . | . . . Average Corruption . | . . . Corruption Purged . | . . . Corruption Blocked . | . . . Overload Shots . | . . . Overflow Damage . | . . . Projectiles . | . . . Explosions . | . . . Melee . | . . . Knockbacks . | . . . Impact . | . . . Kinetic . | . . . Secondary . | . . . Self-Inflicted Damage . | . . . Shots . | . . . Rammed . | . . . Targets Rammed . | . . . Kicked . | . . . Crushed . | . . . Highest Temperature 78 | . 78 . Average Temperature 38 | . 38 . Received Heat Transfer 405 | . 192 213 Siege Activations . | . . . Martial Activations . | . . . Shielding Activations . | . . . Robots Disrupted . | . . . Combat Hostiles . | . . . Robots Corrupted . | . . . Combat Hostiles . | . . . Parts Fried . | . . . Impact Corruptions . | . . . Robots Melted . | . . . Combat Hostiles . | . . . Parts Melted 1 | . . 1 Heat Transferred 509 | . . 509 Parts Sabotaged . | . . . Parts Stolen . | . . . Parts Stripped . | . . . Power Chain Reactions . | . . . Alert | -11 -10 -10 ------- Run | Yrd Mat Sub Maximum Alert Level . | . . . Low Security (%) 100 | 100 100 . Level 1 . | . . . Level 2 . | . . . Level 3 . | . . . Level 4 . | . . . Level 5 . | . . . High Security . | . . . Max Security . | . . . Peak Influence 105 | . 105 . Initial . | . . . Average 32 | . 41 . Influence Increases 245 | . 155 90 Destroy 0b10 Robot/C 160 | . 80 80 Destroy 0b10 Robot/NC 5 | . 5 . Destroy Leader 30 | . 20 10 Successful Hack 5 | . 5 . Select Force Hacks 30 | . 30 . Lose Combat Pursuer 15 | . 15 . Influence Decreases 245 | . 100 145 Entered New Map 27 | . . 27 Time Decay 194 | . 100 94 Lost Part 24 | . . 24 Squads Dispatched 4 | . 4 . Investigation 2 | . 2 . Extermination . | . . . Reinforcement 2 | . 2 . Assault . | . . . Garrison . | . . . Intercept . | . . . Searches Triggered . | . . . Construction Impeded . | . . . Haulers Reinforced . | . . . Active Scanning Responses . | . . . Cargo Convoy Interrupts . | . . . Stealth | -11 -10 -10 --------- Run | Yrd Mat Sub Distress Signals . | . . . Communications Jammed . | . . . Distress Signals . | . . . Times Spotted 23 | . 11 12 Peak Tracking Total 4 | . 4 3 Tactical Retreats 1 | . 1 . Traps | -11 -10 -10 ------- Run | Yrd Mat Sub Traps Triggered 2 | . . 2 Indirectly . | . . . Trap Hack Attempts . | . . . Triggered . | . . . Disarmed . | . . . Reprogrammed . | . . . Reused . | . . . Traps Extracted . | . . . Installed . | . . . Triggered . | . . . Machines | -11 -10 -10 ---------- Run | Yrd Mat Sub Machines Disabled 1 | . . 1 Max in Single Turn 1 | . . 1 Machines Repaired . | . . . Machines Dismantled . | . . . Machines Sabotaged . | . . . Overloaded Fab Kills . | . . . Hacking | -11 -10 -10 --------- Run | Yrd Mat Sub Machines Accessed 3 | . 2 1 Terminals 1 | . 1 . Fabricators . | . . . Repair Stations . | . . . Recycling Units 1 | . 1 . Scanalyzers . | . . . Garrison Access . | . . . Total Hacks 13 | . 10 3 Successful 7 | . 4 3 Failed 6 | . 6 . Catastrophic . | . . . Database Lockouts . | . . . Manual 3 | . 3 . Terminals 6 | . 6 . Fabricators . | . . . Repair Stations . | . . . Recycling Units 4 | . 4 . Scanalyzers . | . . . Garrison Access . | . . . Terminal Hacks 4 | . 1 3 Record 3 | . . 3 Zone Layout 1 | . 1 . Fabricator Hacks . | . . . Repair Station Hacks . | . . . Recycling Unit Hacks 1 | . 1 . Retrieve Components 1 | . 1 . Scanalyzer . | . . . Garrison Access Hacks . | . . . Unauthorized Hacks 2 | . 2 . Terminals 1 | . 1 . Botnet 1 | . 1 . Fabricators . | . . . Repair Stations . | . . . Recycling Units 1 | . 1 . Tunnel 1 | . 1 . Scanalyzers . | . . . Garrison Access . | . . . Data Cores Recovered . | . . . Used . | . . . Hacking Detections 2 | . 2 . Full Trace Events 1 | . 1 . Feedback Events . | . . . Feedback Blocked . | . . . Robot Schematics Acquired . | . . . Robots Built . | . . . Authchips . | . . . Time . | . . . Total Robot Build Rating . | . . . Part Schematics Acquired . | . . . Parts Built . | . . . Authchips . | . . . Time . | . . . Total Part Build Rating . | . . . Parts Repaired . | . . . Time . | . . . Parts Recycled . | . . . Recycled Matter . | . . . Retrieved Matter . | . . . Retrieved Components 1 | . 1 . Parts Scanalyzed . | . . . Part Schematics Acquired . | . . . Parts Damaged . | . . . Bothacking | -11 -10 -10 ------------ Run | Yrd Mat Sub Used RIF Installer . | . . . Robots Hacked . | . . . Non-combat . | . . . Combat . | . . . Robot Hacks Applied . | . . . Relay Couplers Released . | . . . Fabnet Peak Effective % . | . . . Robots Rewired . | . . . Allies Hacked . | . . . Hacks Repelled . | . . . Allies | -11 -10 -10 -------- Run | Yrd Mat Sub Total Allies . | . . . Largest Group . | . . . Highest-Rated Group . | . . . Highest-Rated Ally . | . . . Total Orders . | . . . Ally Attacks . | . . . Total Damage . | . . . Kills . | . . . Allies Corrupted . | . . . Allies Melted . | . . . Intel | -11 -10 -10 ------- Run | Yrd Mat Sub Active Infowar (turns) 879 | . 75 804 Optics 107 | . . 107 Sensors 772 | . 75 697 Robot Analysis Total . | . . . Derelict Logs Recovered 1 | . . 1 Drone Launches . | . . . Drone Recoveries . | . . . Exploration | -11 -10 -10 ------------- Run | Yrd Mat Sub Turns Passed 1657 | 87 304 1266 Spaces Moved 930 | 52 153 725 Core 12 | 12 . . Treads 552 | 40 153 359 Legs . | . . . Wheels 366 | . . 366 Hover . | . . . Flight . | . . . Fastest Speed 50 | 50 160 110 Average Speed 149 | 149 160 147 Slowest Speed 240 | 160 160 240 Overloaded Moves . | . . . Propulsion Burnouts . | . . . Robots Hopped . | . . . Potential Cave-ins . | . . . Cave-ins Triggered . | . . . Exploration Rate (%) 32 | 4 34 58 Regions Visited 2 Branch Regions 1 Pre-discovered Areas 2 | . 1 1 Known Exits Taken . | . . . Unknown Exits Taken 2 | 1 1 . Scrap Searched . | . . . Spaces Dug . | . . . Terrain Destroyed . | . . . Melee . | . . . Projectile . | . . . AOE . | . . . Terrain Rammed . | . . . Walls Destroyed . | . . . Machines Disabled . | . . . Actions | -11 -10 -10 --------- Run | Yrd Mat Sub Total 1082 | 59 178 845 Wait 33 | . 2 31 Move 928 | 51 152 725 Hop . | . . . Pick Up 23 | 2 6 15 Fast Attach 9 | 6 1 2 Attach 11 | . . 11 Detach . | . . . Swap 3 | . . 3 Drop 8 | . . 8 Fire 65 | . 17 48 Melee . | . . . Ram . | . . . Kick . | . . . Crush . | . . . Escape Stasis . | . . . Rewire . | . . . Trap . | . . . Miscellaneous 2 | . . 2 Route ------- -11/Scrapyard -10/Materials -10/Subcaves (discovered 2 exits: [*Mat x2]) History --------- Turn | Location | Event 2 | -11/Scrapyard | Met Revision 17 46 | -11/Scrapyard | Discovered new exit (range 15) 88 | -11/Scrapyard | Entered Materials 317 | -10/Materials | Build established: Mutant 373 | -10/Materials | Discovered new exit (range 13) 392 | -10/Materials | Entered Subcaves 524 | -10/Subcaves | Learned location of 1 exit from Materials 793 | -10/Subcaves | Discovered new exit (range 6) 918 | -10/Subcaves | Core integrity fell below 50% 947 | -10/Subcaves | Shifting Twisted Machinery released Piercing Trap 1215 | -10/Subcaves | Visited Clippyterm 1223 | -10/Subcaves | Learned Research machine intel 1412 | -10/Subcaves | Visited 4L-MR0's lab 1455 | -10/Subcaves | Found Prototype Device 1491 | -10/Subcaves | Learned location of Zion (-7) 1491 | -10/Subcaves | Met a Zionite searching for "candidates" 1523 | -10/Subcaves | Discovered new exit (range 14) 1601 | -10/Subcaves | Shifting Twisted Machinery released Barrage Gun 1608 | -10/Subcaves | Shifting Twisted Machinery released Riot Gun 1638 | -10/Subcaves | Build established: Scavenger-Mutant 1640 | -10/Subcaves | Core integrity fell below 20% 1658 | -10/Subcaves | Destroyed by W7-R5B(R) with Subdweller Beam Cannon Last Messages --------------- 01476_ Sub. Monowheel shoots sparks and powers down. 01490_ H3-7GI(z): "She is not going to be happy we haven't found any suitable candidates yet." 01491_ H3-7GI(z): "Hey you! It's really dangerous down here, I feel that you could die at any moment. For your health and safety might I suggest a trip to Zion?" World map updated: -7/Zion. 01523_ EXIT=FOUND 01541_ Sub. Optics shoots sparks and powers down. Barrage Gun falls loose from the Twisted Machinery. Riot Gun falls loose from the Twisted Machinery. 01610_ Dropped Broken Sub. Optics. 01611_ Acquired Barrage Gun. 01617_ Dropped Mining Laser. 01618_ Acquired Riot Gun. 01639_ Hvy. Assault Rifle destroyed. Map ----- +----------------------------------------------------+ | ?????????????????????????????????????????????????? | | ?????????????????????????????????????????????????? | | ?????????????????????????????????????????????????? | | ???####??????????????????????????????????????????? | | ??## #????????????????####??????????????????????? | | ?## #???????????????##""#??????????????????????? | | ?# ##??????????????#"" ##?????????????????????? | | ?# #??????????????#" ##????????????????????? | | ## ##??????????????# | "##???????????????????? | | # ####???????????????# "" #???????????????????? | | # #??????????????????## !#???????????????????? | | ##?????????????????### #???????????????????? | | #?????????????????# #???????????????????? | | #####??????????????# ##???????????????????? | | ##? #?????????????## ###????????????????????? | | ###? #?????????????#" "##??????????????????????? | | #? #?????????????## ""#??????????????????????? | | ## #??????????????# ""#??????????????????????? | | #?????????????## #??????????????????????? | | < #?????????????# ##??????????????????????? | | #?????????????## #??????????????????????? | | #### #?????????????# ##??????????????????????? | | ??## ##?????????????# #???????????????????????? | | ?## ##???????#####?## #???????????????????????? | | ?# ######### #### ##??????????????????????? | | ## ## ## ## @##?????????????????????? | | # #??# ## ##????????????????????? | | #### ### " "$#????????????? | | # # # ## #????????????? | | # #### #??????? | | ## # ## ##??### R #???????? | | ?# #########?????# ##???????? | | # #?????????????# ### #????????? | | # ##?????????????# ### #??? ????????? | | #??????????????# #?? ??? ????????? | | #????????????? ? ???###????????? | | ???????????? #?????????????? | | ??????????? #?????????????? | | ?????????? ##?????????????? | | ?????????? ## ##??????????????? | | ????????? ####?? #???????????????? | | ??????????? ##????? #???????????????? | | #????????????? ???????? ?????????????????? | | ???????????????? ??????????????????????????? | | ?? ??????????????????????????????????????????????? | | ?????????????????????????????????????????????????? | | ?????????????????????????????????????????????????? | | ?????????????????????????????????????????????????? | | ?????????????????????????????????????????????????? | | ?????????????????????????????????????????????????? | +----------------------------------------------------+ Best States ------------- Heat Dissipation 25 Energy Generation 15 Energy Capacity 250 Matter Stores 300 Matter Capacity 300 Sight Range 21 Robot Scan Range 14 Terrain Scan Density 10 Armor Coverage 800 Evasion (%) 40 Recoil Reduction 2 Item Schematics ----------------- None Robot Schematics ------------------ None Fabricated ------------ Nothing Repaired ---------- Nothing Alien Tech Used ----------------- None Achievements -------------- None Challenges ------------ None Game ------ Seed SkeletonTrackerRecalibrator Manual? 0 Play Time 00:16:28 Cumulative 224.8 hours Start 2025.05.30 @ 23:27:18 End 2025.05.30 @ 23:40:52 Sessions 1 Manual Loads 0 Difficulty Rogue Special Mode None Game No. 213 Rogue 213 Adventurer 0 Explorer 0 Win Type - Total 1 Types 1/0/0/0/0/0/0/0/0/0 Lore% 73 Gallery% 60 Achievement% 49 Wizard Run 0 Options --------- Layout 1 ASCII 0 Keyboard 0 Movement Mouse Keybinds 0 Fullscreen 1 Font 24/Smallcaps Map View 50x35 Zoom Use 0% Tactical HUD 1 Map Filters NONE Filters NONE Steam 1 RUN: 881343d9-633e-4801-9e84-26aa33c821e0